cohdb
Replays
Latest Replays
All Replays
Popular Replays
Top Player Replays
Match Explorer
How It Works
Community
CoH3 Stats
Reddit
Sign in to upload your games and track your stats! →
Sign in with Steam
Match 43405015
Unlisted
Match 43405015
Overview
Messages
Build Orders
End
Panzerpioneer Squad
250 Light Carrier
Panzerpioneer Squad
Selects Armored Support Battlegroup
Construct Light Support Kompanie
MG34 Team
250 Light Carrier
Selects Salvage Kits
Combat Half-tracks
Fire Support Elements
Panzerjäger Squad
Flakvierling Half-track
2.5-tonne Medical Truck
Panzerjäger Mechanized Group
Vehicle Survival Package
Construct Panzerarmee Kommand
Panzer III L Medium Tank
Selects Veteran Gunners
Panzer III L Medium Tank
Emergency Repair Kits
Forward Retreat Point
[PH60]Field Marshal Erwin Rommel
[HAN]Diederick Kastner
Mr Gizard The Lizard Wizard
YangXYZ
LoCo|StetoGuy
사람이왜살지
Misumi Uika
MainAcrobat
0
0
Comments
sign in to comment!
No comments posted yet!